[Event "Guimaraes Open 2018"]
[Site "Guimaraes"]
[Date "2018.10.07"]
[Round "7"]
[White "Dias, Ricardo Pedro Cruz"]
[Black "Machado, Tomas Dias"]
[Result "1/2-1/2"]
[ECO "B33"]
[WhiteElo "2098"]
[BlackElo "1966"]
[Annotator "NA"]
[PlyCount "34"]
[EventDate "2018.10.04"]
[EventType "swiss"]
[EventCountry "POR"]
[SourceTitle "playchess.com"]
[Source "ChessBase"]
[SourceQuality "1"]
[TimeControl "5400+30"]

1. e4 c5 2. Nf3 Nc6 3. d4 cxd4 4. Nxd4 Nf6 5. Nc3 e5 6. Ndb5 d6 7. Bg5 a6 8. Na3 b5 9. Bxf6 gxf6 10. Nd5 f5 11. Bd3 Be6 12. O-O Rg8 13. Qh5 Rg5 14. Qxh7 Rg6 15. f4 $17 (15. exf5 $11 Rh6 16. fxe6 Rxh7 17. e7 Bxe7 18. Bxh7) 15... Rh6 16. Qg8 Rg6 17. Qh7 Rh6 1/2-1/2

[Event "Guimaraes Open 2018"]
[Site "Guimaraes"]
[Date "2018.10.07"]
[Round "7"]
[White "Fernandes, Ricardo Paulos"]
[Black "Fonseca, Pedro Miguel Ramos "]
[Result "1-0"]
[ECO "A05"]
[WhiteElo "2098"]
[BlackElo "1437"]
[Annotator "NA"]
[PlyCount "91"]
[EventDate "2018.10.04"]
[EventType "swiss"]
[EventCountry "POR"]
[SourceTitle "playchess.com"]
[Source "ChessBase"]
[SourceQuality "1"]
[TimeControl "5400+30"]

1. Nf3 Nf6 2. g3 d5 3. Bg2 c6 4. O-O Bf5 5. d3 e6 6. Nbd2 h6 7. c4 Be7 8. a3 a5 9. b3 Nbd7 10. Bb2 O-O 11. Rc1 Qb6 12. d4 {[%emt 0:05:50] A12: Reti-Eröffnung (New-Yorker-System)} (12. Qc2 Rfd8 13. Rfe1 Ng4 14. e3 Nc5 15. Bd4 Qa6 16. Bf1 dxc4 17. Nxc4 Nd7 18. Qb2 Ngf6 19. Bc3 b5 20. Nxa5 {½-½ (40) Zhao,X (2514)-Kosteniuk,A (2541) Beijing 2014}) 12... Rfe8 $146 ({Vorgänger:} 12... Ne4 13. c5 Qc7 14. Ne5 Nexc5 15. Nxc6 bxc6 16. dxc5 Nxc5 17. Bd4 Ne4 18. Nxe4 dxe4 19. Bc5 Rfd8 {½-½ (30) Peacock,M (2123)-Ilett,R (1886) Coventry 2015}) 13. c5 Qc7 14. Re1 b5 15. Nh4 Bh7 16. f4 Ng4 17. e4 Bxh4 18. Qxg4 Be7 19. e5 a4 20. b4 Bf5 21. Qe2 Bf8 22. Rf1 Bh7 23. Bh3 g6 ({Black should play} 23... Be7 $14) 24. g4 Qd8 25. Kh1 f5 26. exf6 Qxf6 27. Rce1 g5 28. fxg5 Qxg5 29. Nf3 Qg7 30. g5 Bf5 31. gxh6 Qxh6 32. Rg1+ Kh8 $1 33. Ng5 Qg6 34. Nf3 Qh6 35. Bxf5 exf5 36. Ne5 Nxe5 37. dxe5 Re6 38. Qf3 $18 Qh7 39. Rg5 Bg7 40. Reg1 Rh6 41. Qf2 Rg8 42. e6 d4 43. Bxd4 f4 44. Bxg7+ Rxg7 45. Rxg7 Qe4+ 46. Qg2 1-0

[Event "Guimaraes Open 2018"]
[Site "Guimaraes"]
[Date "2018.10.07"]
[Round "7"]
[White "Fernandes, Miguel Antonio"]
[Black "Chueca Forcen, Alberto"]
[Result "0-1"]
[ECO "D20"]
[WhiteElo "2048"]
[BlackElo "2278"]
[Annotator "NA"]
[PlyCount "52"]
[EventDate "2018.10.04"]
[EventType "swiss"]
[EventCountry "POR"]
[SourceTitle "playchess.com"]
[Source "ChessBase"]
[SourceQuality "1"]
[TimeControl "5400+30"]

1. d4 d5 2. c4 dxc4 3. e4 Nf6 4. Nc3 e5 5. d5 c6 6. Bxc4 b5 7. Bb3 {[%emt 0:03:43] D20: Queen's Gambit Accepted: 3 e3 and 3 e4} b4 8. Na4 cxd5 9. Bg5 $146 ({Predecessor:} 9. Nf3 Be7 10. Bg5 Nbd7 11. exd5 Bd6 12. Nd2 O-O 13. Nc4 Bc5 14. O-O Bd4 {½-½ (64) Jelling,E (2365)-Fedder,S (2400) Denmark 1991}) 9... Bb7 10. Nf3 Be7 11. exd5 e4 12. Nh4 g6 13. Qd4 ({Lieber} 13. d6 $11 Bxd6 14. Nc5) 13... Nc6 14. Qd2 Na5 15. Qf4 Nxb3 16. axb3 Nxd5 17. Qxe4 O-O 18. Bxe7 Re8 19. O-O Rxe7 20. Qd4 Rc8 21. Rfd1 Qc7 22. Qd2 Nf4 23. Re1 Rce8 $19 24. Qxb4 Ne2+ 25. Kh1 Re4 26. Qc5 Qxh2+ 0-1

[Event "Guimaraes Open 2018"]
[Site "Guimaraes"]
[Date "2018.10.07"]
[Round "7"]
[White "Cimpean, Andra"]
[Black "Ferreira, Hugo Miguel Da Cost"]
[Result "0-1"]
[ECO "B16"]
[WhiteElo "1867"]
[BlackElo "2130"]
[Annotator "NA"]
[PlyCount "122"]
[EventDate "2018.10.04"]
[EventType "swiss"]
[EventCountry "POR"]
[SourceTitle "playchess.com"]
[Source "ChessBase"]
[SourceQuality "1"]
[TimeControl "5400+30"]

1. e4 c6 2. d4 d5 3. Nc3 dxe4 4. Nxe4 Nf6 5. Nxf6+ gxf6 6. c3 e5 {[%emt 0:01:55] B16: Caro-Kann: Bronstein-Larsen Variation} (6... Bf5 7. Nf3 Nd7 8. g3 Qc7 9. Bg2 e6 10. Nh4 Bg6 11. Bf4 Bd6 12. Bxd6 Qxd6 13. O-O f5 14. b4 Nf6 15. a4 a6 16. Re1 O-O 17. a5 {½-½ (93) Grandelius,N (2646)-Li,C (2755) Stavanger 2016 CBM 172 [Skembris,S]}) 7. Be3 Be6 8. Bd3 $146 ({Predecessor:} 8. Qh5 Qb6 9. O-O-O Qa5 10. dxe5 Qxa2 11. exf6 Nd7 12. Bd3 O-O-O 13. Bf5 Ba3 14. bxa3 Qxa3+ {0-1 (24) Cristobal,M (2145)-Moreda,L (2322) Mar del Plata 2009}) 8... Nd7 9. Nf3 Qc7 10. Nh4 O-O-O 11. Nf5 h5 12. Qa4 Nc5 13. dxc5 Rxd3 14. Nd6+ Bxd6 15. cxd6 Qxd6 16. Qxa7 Rd8 17. O-O Qb8 18. Qxb8+ Kxb8 19. a4 Bc4 20. Rfe1 R8d5 21. g3 Kc7 22. a5 Rb5 23. Ra4 Bb3 24. Rh4 Bd1 25. b4 Rbd5 26. c4 Rd7 27. Kg2 Rb3 28. Bb6+ Kc8 29. h3 Bf3+ 30. Kh2 Rdd3 31. g4 hxg4 32. hxg4 Kd7 33. Bc5 Ke6 34. Rh8 Bxg4 35. Re8+ Kf5 36. Re7 Rd8 37. Rxb7 $2 ({But not} 37. Rxf7 $2 Rh8+ 38. Kg2 (38. Kg1 {leads to mate.} Bf3 39. Rxe5+ Kxe5 40. Bd6+ Kf5 41. Rxf6+ Kxf6 42. Be5+ Kxe5 43. Kf1 Rh1#) 38... Bf3+ 39. Kg3 Bd5+ 40. Re3 Rxe3+ 41. fxe3 Bxf7 $19) (37. Be3 $19) 37... Rh8+ 38. Kg2 Bf3+ $19 (38... Rbh3 $142 39. f3 Rh2+ 40. Kf1 Bxf3 41. Re3 Kf4 42. Rxf3+ Kxf3 43. Rxf7 Rh1+ 44. Bg1 Rg8 45. Rxf6+ Ke4 46. Ke2 Rhxg1 47. b5 Ra1 48. Kd2 cxb5 49. cxb5 Rxa5 50. Rh6 Rxb5 51. Rh4+ Kd5 52. Rh7 Rg2+ 53. Kc3 Rc5+ 54. Kb4 Rb2+ 55. Ka3 Rb8 56. Ra7 e4 57. Ka2 e3 58. Rd7+ Ke6 59. Ra7 e2 60. Ra6+ Kf5 61. Ra7 e1=Q 62. Rf7+ Ke6 63. Rf4 Qb1+ 64. Ka3 Qb3#) 39. Kg3 Be2+ (39... Rg8+ $142 40. Kh2 Rc3) 40. Be3 Bxc4 41. Ra1 Bb5 42. a6 Rxb4 43. f3 Rg8+ 44. Kh3 Ra8 45. Rb6 Ra4 46. Rxa4 Bxa4 47. a7 Rxa7 48. Rxc6 Bxc6 49. Bxa7 Bxf3 50. Kg3 Ke4 51. Kf2 f5 52. Bb8 Bh5 53. Bc7 f4 54. Bb8 f5 55. Bc7 f3 56. Bb8 f4 57. Bc7 Kf5 58. Bb6 e4 59. Bc5 e3+ 60. Kf1 Bf7 61. Kg1 f2+ 0-1

[Event "Guimaraes Open 2018"]
[Site "Guimaraes"]
[Date "2018.10.07"]
[Round "7"]
[White "Silva, Pedro Gil Ferreira "]
[Black "Melo, David Emmanuel do V"]
[Result "1-0"]
[ECO "B13"]
[WhiteElo "1837"]
[BlackElo "1590"]
[Annotator "NA"]
[PlyCount "55"]
[EventDate "2018.10.04"]
[EventType "swiss"]
[EventCountry "POR"]
[SourceTitle "playchess.com"]
[Source "ChessBase"]
[SourceQuality "1"]
[TimeControl "5400+30"]

1. e4 c6 2. d4 d5 3. exd5 cxd5 4. Bd3 Nc6 5. c3 Qc7 6. Ne2 Bg4 7. f3 Bd7 8. Bf4 e5 9. dxe5 Nxe5 10. O-O Bd6 11. Nd4 Ne7 12. Qe2 a6 13. Re1 f6 14. Bc2 O-O 15. Bg3 Rfe8 16. Bb3 Qa5 17. Nd2 Kh8 18. f4 Bg4 19. Qf1 N5c6 20. N2f3 Nf5 21. Nxf5 Bxf5 22. Rad1 Be4 23. Qe2 h6 24. Qd2 Bxf3 25. gxf3 d4 26. Rxe8+ {[%emt 0:00:54] Rc8 Rd8+ Rxd8 [%clk 0:41:38] cxd4 [%clk 0:08:24]} Rxe8 {[%emt 0:00:05] Qxa5 [%clk 0:08:36] Nxd4 [%clk 0:41:33]} 27. cxd4 Nxd4 28. Qxd4 1-0

[Event "Guimaraes Open 2018"]
[Site "Guimaraes"]
[Date "2018.10.07"]
[Round "7"]
[White "Guimaraes, Alvaro Jose"]
[Black "Saran Vikash Velumani"]
[Result "1-0"]
[ECO "A00"]
[WhiteElo "1801"]
[BlackElo "1464"]
[Annotator "NA"]
[PlyCount "57"]
[EventDate "2018.10.04"]
[EventType "swiss"]
[EventCountry "POR"]
[SourceTitle "playchess.com"]
[Source "ChessBase"]
[SourceQuality "1"]
[TimeControl "5400+30"]

1. g3 e5 2. Bg2 d5 3. c4 Nf6 4. d3 Bc5 5. cxd5 O-O 6. Nc3 Ng4 7. e3 f5 8. Nge2 Bd6 9. O-O Bd7 10. Qb3 Na6 11. d4 Qe7 12. a3 Rab8 13. Bd2 Kh8 14. Rac1 Qg5 15. h3 exd4 16. Nxd4 Nc5 17. Qc2 Nf6 18. e4 Qh5 19. exf5 a5 20. Rce1 b5 21. Ne6 Bxe6 22. dxe6 b4 23. Ne2 g5 24. Be3 b3 25. Qc4 Nb7 26. Bd4 Nd8 27. Nc3 c5 28. Bxf6+ Rxf6 29. Ne4 1-0

[Event "Guimaraes Open 2018"]
[Site "Guimaraes"]
[Date "2018.10.07"]
[Round "7"]
[White "Lopez Rodriguez, Eduardo"]
[Black "Rego, Pedro Filipe Pinho"]
[Result "0-1"]
[ECO "B44"]
[WhiteElo "1800"]
[BlackElo "2251"]
[Annotator "NA"]
[PlyCount "98"]
[EventDate "2018.10.04"]
[EventType "swiss"]
[EventCountry "POR"]
[SourceTitle "playchess.com"]
[Source "ChessBase"]
[SourceQuality "1"]
[TimeControl "5400+30"]

1. e4 c5 2. Nf3 e6 3. d4 cxd4 4. Nxd4 Nc6 5. Bc4 Nf6 6. Nc3 Qc7 {[%emt 0:01:52] B45: Sicilian Four Knights} 7. Nxc6 (7. Bb3 a6 8. Be3 b5 9. f3 Bb7 10. g4 h6 11. Nxc6 dxc6 12. a4 Nd7 13. Qe2 Bd6 14. O-O {½-½ (44) Matikozian,A (2451)-Amanov,Z (2382) Los Angeles 2011}) 7... bxc6 8. O-O Be7 9. Be3 O-O 10. f3 $146 ({Predecessor:} 10. Bd3 Rd8 11. f4 d5 12. e5 Nd7 13. Bf2 a6 {1-0 (52) Mitrovic,J (2122)-Pistalovic,S (1661) Banja Dvorovi 2018}) 10... d5 11. exd5 cxd5 12. Bd3 e5 13. Bf2 Bb7 14. Qe2 Bc5 15. Rfe1 {[%emt 0:03:42] [#]} Rfe8 ({Günstiger ist} 15... e4 $1 $17 16. Bb5 (16. fxe4 dxe4) 16... Bd6) 16. Bxc5 Qxc5+ 17. Qf2 $1 Qb4 18. Nb5 Re7 ({Don't blunder} 18... Qxb2 $2 19. Reb1 $18) 19. c3 Qa5 20. Nd6 Bc8 21. Nxc8 Rxc8 22. Bc2 Qb5 23. Rad1 a5 24. a4 Qc6 25. Re2 g6 26. Rde1 Rce8 27. Kh1 Kg7 28. h3 Nh5 29. g3 Qd6 30. Kg2 Rb8 31. Bd3 Nf6 32. Rd2 h5 33. h4 Rd8 34. Bb5 e4 35. fxe4 $1 Rxe4 $11 36. Rxe4 Nxe4 37. Qd4+ Qf6 38. Qxf6+ Kxf6 39. Rd4 Ke5 40. Kf3 Rd6 41. Rd3 Rf6+ 42. Ke2 Rf2+ 43. Kd1 Rxb2 44. Kc1 Rg2 45. Bc6 Rxg3 46. Rxd5+ Ke6 47. Bb7 Rxc3+ 48. Kb2 Rc4 49. Kb3 Rb4+ {[%emt 0:00:11] Kc3 [%clk 0:00:59] Ke5+ Kd4+} 0-1

[Event "Guimaraes Open 2018"]
[Site "Guimaraes"]
[Date "2018.10.07"]
[Round "7"]
[White "Machado, Carlos Antonio"]
[Black "Martins, Bruno Andre Leite"]
[Result "0-1"]
[ECO "B38"]
[WhiteElo "1780"]
[BlackElo "2248"]
[Annotator "NA"]
[PlyCount "70"]
[EventDate "2018.10.04"]
[EventType "swiss"]
[EventCountry "POR"]
[SourceTitle "playchess.com"]
[Source "ChessBase"]
[SourceQuality "1"]
[TimeControl "5400+30"]

1. e4 c5 2. Nf3 Nc6 3. d4 cxd4 4. Nxd4 g6 5. c4 Bg7 6. Be3 Nf6 7. Nc3 d6 8. Be2 {[%emt 0:16:50] LiveBook: 1990 Games} O-O 9. O-O Nxd4 10. Bxd4 Bd7 11. Bf3 {[%emt 0:04:54] B38: Sicilian: Maroczy Bind with 5...Bg7 and 7...0-0} (11. Qd3 Bc6 12. b4 b6 13. f4 Rc8 14. Rad1 e6 15. Bf2 Qc7 16. Bh4 Rfe8 17. Bf3 Nd7 18. e5 Bxf3 19. Qxf3 Qxc4 {½-½ (40) Romanov,E (2628)-Shaposhnikov,E (2572) Yaroslavl 2018}) 11... Bc6 12. Nd5 Bxd5 $146 ({Predecessor:} 12... Nd7 13. Bxg7 Kxg7 14. Qd4+ Kg8 15. g3 Bxd5 16. Qxd5 Qb6 17. Kh1 Ne5 18. Bg2 Qc6 {0-1 (59) Gomes,J (1885)-Rocha,V (2100) Natal 2015}) 13. exd5 a5 14. a4 Nd7 15. Bxg7 $11 Kxg7 16. Qd4+ Kg8 17. Rfe1 Re8 18. Ra3 Qb6 19. Qd1 Qxb2 20. Rb3 Qf6 21. Rxb7 Nc5 22. Rc7 Rab8 23. Qd2 Rb4 24. Bd1 Rxc4 25. Qxa5 Rd4 26. Qb5 Kf8 27. Bb3 Rd2 28. Rf1 Rb2 29. Rxc5 dxc5 30. Qd3 Rb8 31. Bc4 R8b4 32. Bb5 Qd4 33. Qh3 Kg7 34. Qd7 Rxf2 35. Rxf2 Rb2 0-1

[Event "Guimaraes Open 2018"]
[Site "Guimaraes"]
[Date "2018.10.07"]
[Round "7"]
[White "Martinez Dourado, Daniel"]
[Black "Goncalves, Lucas Jordao"]
[Result "1-0"]
[ECO "C50"]
[WhiteElo "1764"]
[BlackElo "1401"]
[Annotator "NA"]
[PlyCount "51"]
[EventDate "2018.10.04"]
[EventType "swiss"]
[EventCountry "POR"]
[SourceTitle "playchess.com"]
[Source "ChessBase"]
[SourceQuality "1"]
[TimeControl "5400+30"]

1. e4 e5 2. Nf3 Nc6 3. Bc4 Bc5 4. O-O d6 5. c3 Nf6 6. d3 h6 7. Bb3 O-O 8. Nbd2 a6 9. a4 Ne7 10. Nc4 Ng6 11. Be3 Ba7 12. Bxa7 Rxa7 13. Ne3 Ng4 14. Nf5 Nf6 15. h3 Bxf5 16. exf5 Ne7 17. g4 Nh7 18. Qe2 a5 19. Rae1 Ra6 20. Nd2 Nf6 21. f4 Nc6 22. g5 hxg5 23. fxg5 Nh7 24. h4 Rb6 25. Qh5 e4 26. g6 1-0

[Event "Guimaraes Open 2018"]
[Site "Guimaraes"]
[Date "2018.10.07"]
[Round "7"]
[White "Martinez Ferreira, Oscar"]
[Black "Fernandes, Joao Pedro Murtinho"]
[Result "0-1"]
[ECO "A40"]
[WhiteElo "1752"]
[BlackElo "2067"]
[Annotator "NA"]
[PlyCount "61"]
[EventDate "2018.10.04"]
[EventType "swiss"]
[EventCountry "POR"]
[SourceTitle "playchess.com"]
[Source "ChessBase"]
[SourceQuality "1"]
[TimeControl "5400+30"]

1. d4 e6 2. c4 c5 3. d5 exd5 4. cxd5 d6 5. Nc3 a6 6. a4 g6 7. e4 {[%emt 0:00:22] A43: Schmid Benoni} Bg7 8. h3 Ne7 9. Nf3 O-O 10. Bd3 Nd7 11. g4 $146 ({Predecessor:} 11. O-O h6 12. Bf4 Qc7 13. Bh2 Rd8 14. Rc1 g5 15. Qd2 {1-0 (78) Kuljasevic,D (2578)-Neverov,V (2489) Legnica 2013}) 11... Ne5 12. Nxe5 Bxe5 13. Bh6 Re8 14. Be3 Bd7 15. h4 c4 16. Bxc4 Qc8 17. Qd3 Bxg4 18. f4 {[%emt 0:04:53] [#]} Bg7 $2 (18... Bxc3+ $1 $19 19. Qxc3 Bf3) 19. Kd2 (19. Kf2 $15) 19... Bf3 20. Rh2 b5 21. axb5 axb5 22. Rxa8 Qxa8 23. Bxb5 Qa1 $2 ({Black should try} 23... Bxc3+ $1 $17 24. bxc3 Qa1) 24. Bxe8 Qxb2+ 25. Qc2 Bxc3+ 26. Kd3 Qa3 27. Qxc3 $11 (27. Qa4 $18 Qxa4 28. Bxa4) 27... Bxe4+ 28. Kc4 Bxd5+ 29. Kd3 Be4+ 30. Kc4 d5+ 31. Kd4 0-1

[Event "Guimaraes Open 2018"]
[Site "Guimaraes"]
[Date "2018.10.07"]
[Round "7"]
[White "Martins, Manuel Jose Lopes"]
[Black "Fidalgo, Daniel Neves"]
[Result "1/2-1/2"]
[ECO "C01"]
[WhiteElo "1751"]
[BlackElo "2018"]
[Annotator "NA"]
[PlyCount "66"]
[EventDate "2018.10.04"]
[EventType "swiss"]
[EventCountry "POR"]
[SourceTitle "playchess.com"]
[Source "ChessBase"]
[SourceQuality "1"]
[TimeControl "5400+30"]

1. e4 e6 2. d4 d5 3. exd5 exd5 4. Bd3 Bd6 5. Ne2 Ne7 6. Bf4 Bf5 7. Bxf5 {[%emt 0:03:27] C01: French: Exchange Variation} (7. O-O O-O 8. c3 c6 9. Bxd6 Qxd6 10. Ng3 Bxd3 11. Qxd3 Nd7 12. Qd1 {½-½ (12) Shanava,K (2516)-Magalashvili,D (2490) Cesme 2017}) 7... Nxf5 8. Bxd6 Nxd6 9. Nd2 $146 ({Predecessor:} 9. Nbc3 c6 10. O-O O-O 11. Re1 Re8 12. Ng3 Nd7 13. Rxe8+ Qxe8 14. Qe1 Qxe1+ 15. Rxe1 {½-½ (31) Egorov,P (2249)-Kravchenko,V (2377) Suzdal 2016}) 9... O-O 10. O-O Nd7 11. Nf4 Qg5 12. Qf3 c6 13. Rfe1 Nf5 14. c3 g6 15. Re2 Rae8 16. Rae1 Qd8 17. g3 Rxe2 18. Rxe2 Re8 19. Nd3 Rxe2 20. Qxe2 Qe7 21. Qxe7 Nxe7 22. f3 f6 23. Kf2 Kf7 24. Nf1 Nf5 25. Ne3 Nxe3 26. Kxe3 Ke6 27. Nf4+ Kd6 28. h4 Nb6 29. b3 Nd7 $11 30. c4 Nf8 31. c5+ Ke7 32. g4 Ne6 33. Ne2 Kd7 1/2-1/2

[Event "Guimaraes Open 2018"]
[Site "Guimaraes"]
[Date "2018.10.07"]
[Round "7"]
[White "Santos, Jose Miguel Sereno"]
[Black "Barbosa, Paulo Jorge Pereira"]
[Result "1/2-1/2"]
[ECO "B27"]
[WhiteElo "1646"]
[BlackElo "1982"]
[Annotator "NA"]
[PlyCount "79"]
[EventDate "2018.10.04"]
[EventType "swiss"]
[EventCountry "POR"]
[SourceTitle "playchess.com"]
[Source "ChessBase"]
[SourceQuality "1"]
[TimeControl "5400+30"]

1. e4 c5 2. Nf3 g6 3. c3 Bg7 4. d4 cxd4 5. cxd4 Nf6 6. Nc3 O-O {[%emt 0:00:15] B27: Sicilian: 2 Nf3, unusual Black 2nd moves} 7. Bc4 (7. Bd3 d6 8. h3 e5 9. dxe5 dxe5 10. O-O Nc6 11. Be3 Be6 12. Bb5 Nh5 13. Bxc6 bxc6 14. Qxd8 Rfxd8 15. Rfd1 a6 16. Ng5 Nf4 17. Nxe6 Nxe6 18. Rxd8+ Rxd8 19. Kf1 f5 20. Rd1 Rxd1+ 21. Nxd1 {1-0 (48) Merry,A (2388)-Aravindh,C (2564) Douglas 2016}) 7... Nxe4 8. Nxe4 d5 9. Bxd5 $146 ({Predecessor:} 9. Bd3 dxe4 10. Bxe4 Nd7 11. Bg5 Nf6 12. Bxf6 Bxf6 13. O-O Qb6 14. Qd2 {0-1 (28) Georgiev,S (2161)-Bonev,T (2260) Teteven 2009}) 9... Qxd5 10. Nc3 Qd8 11. h3 Nc6 12. Be3 Nb4 13. a3 Nd5 14. Bg5 h6 15. Bh4 Qa5 16. Qd2 Be6 17. O-O Nxc3 18. bxc3 g5 19. Bg3 Rac8 20. Rfc1 Rfd8 21. Qe3 Re8 22. Be5 $15 f6 23. Bc7 Qd5 24. Bg3 Bf7 25. h4 Rc6 26. hxg5 hxg5 27. Nd2 b5 28. a4 bxa4 29. Rxa4 Qd7 30. Rca1 Ra8 31. c4 f5 32. Be5 f4 33. Qe4 Bg6 34. Qd5+ Qxd5 35. cxd5 Rc2 36. Bxg7 Kxg7 37. Nf3 g4 38. Ne5 g3 39. fxg3 Be4 40. R4a2 1/2-1/2

[Event "Guimaraes Open 2018"]
[Site "Guimaraes"]
[Date "2018.10.07"]
[Round "7"]
[White "Navarro Martinez, Victor"]
[Black "Santos, Jose Guilherme Barr"]
[Result "0-1"]
[ECO "B90"]
[WhiteElo "1505"]
[BlackElo "2108"]
[Annotator "NA"]
[PlyCount "78"]
[EventDate "2018.10.04"]
[EventType "swiss"]
[EventCountry "POR"]
[SourceTitle "playchess.com"]
[Source "ChessBase"]
[SourceQuality "1"]
[TimeControl "5400+30"]

1. e4 c5 2. Nf3 d6 3. d4 cxd4 4. Nxd4 Nf6 5. Nc3 a6 6. Be3 e5 7. Nf3 Qc7 8. Be2 Be7 {[%emt 0:00:18] B90: Sizilianisch (Najdorf-Variante, Abweichungen)} 9. O-O (9. a4 O-O 10. O-O Be6 11. a5 Nbd7 12. Ng5 Bc4 13. Re1 Rfc8 14. Ra4 Bxe2 15. Qxe2 Qc6 16. Rd1 Bd8 17. Nf3 b5 18. axb6 Bxb6 {½-½ (31) Swiercz,D (2649)-Mareco,S (2648) Saint Louis 2017}) 9... b5 10. a4 b4 11. Nd5 Nxd5 12. exd5 Nd7 13. a5 O-O 14. Qd2 $146 ({Vorgänger:} 14. Nd2 f5 15. Nc4 f4 16. Bb6 {½-½ (39) Leniart,A (2360)-Nyzhnyk,I (2504) Kiev 2009}) 14... Bb7 15. b3 f5 16. Qxb4 Bxd5 17. Rad1 Rab8 18. Qa4 Be6 19. Ng5 Bxg5 20. Bxg5 Nc5 21. Qa2 d5 22. Bc1 Rfd8 23. Ba3 d4 24. Bxc5 Qxc5 25. Ra1 Qc6 26. Rfe1 Rbc8 27. Bxa6 Qxa6 28. Rxe5 Rd6 29. Rae1 g6 30. Qa4 Bd7 31. Qa2 Qc6 32. b4+ Qc4 33. Qxc4+ (33. Qa3 $142 Bb5 34. Kh1) 33... Rxc4 34. b5 Rxc2 35. b6 d3 36. Kf1 (36. b7 $142 Rb2 37. a6 Rxa6 38. Rd5 Rxb7 39. Rxd3) 36... d2 37. Rd1 Rc1 38. Ke2 Rxd1 39. Kxd1 Ba4+ 0-1

[Event "Guimaraes Open 2018"]
[Site "Guimaraes"]
[Date "2018.10.07"]
[Round "7"]
[White "Navarro Martinez, Victor"]
[Black "Santos, Jose Miguel Sereno"]
[Result "*"]
[ECO "B90"]
[WhiteElo "1505"]
[BlackElo "1646"]
[Annotator "NA"]
[PlyCount "29"]
[EventDate "2018.10.04"]
[EventType "swiss"]
[EventCountry "POR"]
[SourceTitle "playchess.com"]
[Source "ChessBase"]
[SourceQuality "1"]
[TimeControl "5400+30"]

1. e4 c5 2. Nf3 d6 3. d4 cxd4 4. Nxd4 Nf6 5. Nc3 a6 6. Be3 e5 7. Nf3 Qc7 8. Be2 Be7 9. O-O b5 10. a4 b4 11. Nd5 Nxd5 12. exd5 Nd7 13. a5 O-O 14. Qd2 Bb7 15. b3 *

[Event "Guimaraes Open 2018"]
[Site "Guimaraes"]
[Date "2018.10.07"]
[Round "7"]
[White "Ribeiro, Orlando Camilo Duar"]
[Black "Marques, Ricardo Taborda Tri"]
[Result "0-1"]
[ECO "C54"]
[WhiteElo "1461"]
[BlackElo "1881"]
[Annotator "NA"]
[PlyCount "52"]
[EventDate "2018.10.04"]
[EventType "swiss"]
[EventCountry "POR"]
[SourceTitle "playchess.com"]
[Source "ChessBase"]
[SourceQuality "1"]
[TimeControl "5400+30"]

1. e4 e5 2. Nf3 Nc6 3. Bc4 Bc5 4. c3 Nf6 5. d3 d6 6. Bb3 a6 7. h3 Ba7 8. Nbd2 O-O 9. Nf1 d5 10. Qe2 dxe4 11. dxe4 Nd7 12. Bg5 Qe8 13. Be3 Nc5 14. Bxc5 Bxc5 15. g4 Be6 16. Bc2 Rd8 17. Ng3 f6 18. Bb3 Bxb3 19. axb3 Qe6 20. Qc4 Qxc4 21. bxc4 a5 22. b3 Rd3 23. Ke2 Rxc3 24. Rab1 Rc2+ 25. Nd2 Rd8 26. Ngf1 Bb4 0-1

[Event "Guimaraes Open 2018"]
[Site "Guimaraes"]
[Date "2018.10.07"]
[Round "7"]
[White "Lopes, Pedro Afonso Pinto"]
[Black "Gawle, Ireneusz"]
[Result "0-1"]
[ECO "D70"]
[WhiteElo "1457"]
[BlackElo "1800"]
[Annotator "NA"]
[PlyCount "58"]
[EventDate "2018.10.04"]
[EventType "swiss"]
[EventCountry "POR"]
[SourceTitle "playchess.com"]
[Source "ChessBase"]
[SourceQuality "1"]
[TimeControl "5400+30"]

1. d4 Nf6 2. c4 g6 3. Nf3 Bg7 4. Nc3 O-O 5. Bg5 d6 6. e3 c5 7. d5 Qa5 8. Bd3 b5 9. O-O bxc4 10. Bxc4 h6 11. Bh4 Bg4 12. h3 Qb4 13. hxg4 Qxc4 14. Bxf6 Bxf6 15. Nd2 Qb4 16. Qb3 Na6 17. Nce4 Bxb2 18. Qxb4 Nxb4 19. Rab1 Bg7 20. a3 Nxd5 21. Rb7 Rfb8 22. Rfb1 Rxb7 23. Rxb7 Rc8 24. Nc4 Rc7 25. Nexd6 exd6 26. Rb8+ Kh7 27. Rd8 Nb6 28. Nxd6 c4 29. Ne8 c3 0-1

[Event "Guimaraes Open 2018"]
[Site "Guimaraes"]
[Date "2018.10.07"]
[Round "7"]
[White "Mendes, Bruno Daniel Duraes"]
[Black "Silva, Tiago Alexandre Pin"]
[Result "0-1"]
[ECO "B44"]
[WhiteElo "1382"]
[BlackElo "1757"]
[Annotator "NA"]
[PlyCount "100"]
[EventDate "2018.10.04"]
[EventType "swiss"]
[EventCountry "POR"]
[SourceTitle "playchess.com"]
[Source "ChessBase"]
[SourceQuality "1"]
[TimeControl "5400+30"]

1. e4 c5 2. Nf3 e6 3. d4 cxd4 4. Nxd4 Nc6 5. Be2 Qc7 6. Be3 Nf6 7. Nd2 a6 8. f4 d6 9. Bf3 Bd7 10. N2b3 Rc8 11. c3 Be7 12. O-O O-O 13. Rf2 Rfd8 14. Rd2 b5 15. a3 e5 16. Ne2 Ng4 17. Bxg4 Bxg4 18. h3 Be6 19. Nec1 exf4 20. Bxf4 Ne5 21. Bxe5 dxe5 22. Qf3 Qb6+ 23. Kh2 a5 24. Rf2 Bg5 25. Rb1 a4 26. Na1 Rd1 27. Qxd1 Qxf2 28. Nd3 Bf4+ 29. Nxf4 Qxf4+ 30. Kg1 Qxe4 31. Qc2 Qe3+ 32. Qf2 Qxf2+ 33. Kxf2 Rd8 34. Re1 Rd2+ 35. Re2 Rxe2+ 36. Kxe2 Kf8 37. Nc2 f5 38. h4 Ke7 39. g3 Kd6 40. Ne3 h6 41. Kd3 g5 42. hxg5 hxg5 43. c4 f4 44. gxf4 exf4 45. c5+ Kxc5 46. Nd1 Bf5+ 47. Kc3 g4 48. Nf2 g3 49. Nd3+ Bxd3 50. Kxd3 g2 0-1

[Event "Guimaraes Open 2018"]
[Site "Guimaraes"]
[Date "2018.10.07"]
[Round "7"]
[White "Paiva, Rodrigo Garcia"]
[Black "Cordeiro, Joao Carlos Santos "]
[Result "1/2-1/2"]
[ECO "D35"]
[WhiteElo "1188"]
[BlackElo "1792"]
[Annotator "NA"]
[PlyCount "96"]
[EventDate "2018.10.04"]
[EventType "swiss"]
[EventCountry "POR"]
[SourceTitle "playchess.com"]
[Source "ChessBase"]
[SourceQuality "1"]
[TimeControl "5400+30"]

1. d4 Nf6 2. c4 e6 3. Nc3 d5 4. cxd5 exd5 5. Bg5 Be7 6. e3 c6 7. Bd3 O-O 8. Nf3 Nbd7 9. O-O h6 10. Bh4 Re8 11. Qc2 Nf8 12. Rab1 a5 13. a3 g6 14. b4 axb4 15. axb4 Nh5 16. Bxe7 Qxe7 17. b5 Kg7 18. bxc6 bxc6 19. Ne5 Bd7 20. Rb7 Qd6 21. Ne2 Reb8 22. Rfb1 Rxb7 23. Rxb7 Ra1+ 24. Rb1 Rxb1+ 25. Qxb1 c5 26. Nf3 c4 27. Bc2 Bg4 28. Nc3 Bxf3 29. gxf3 Nf6 30. Qd1 Ne6 31. Ne2 Ng5 32. Ng3 Ne6 33. Ne2 Nd7 34. e4 Nb6 35. e5 Qb4 36. f4 f5 37. Qb1 Qxb1+ 38. Bxb1 Kf7 39. Kg2 Nc7 40. Nc3 Ke6 41. Kf3 Na6 42. h4 Nb4 43. Ke3 Nc6 44. Nb5 Na5 45. Bc2 Nb7 46. f3 Kd7 47. Kd2 Kc6 48. Nc3 Nd8 1/2-1/2